 Dungeon Crawl Stone Soup version 0.30-a0-870-gc5d4c5acee (webtiles) character file.

Game seed: 2657487973390901133

106 bande the Shield-Bearer (level 4, -5/29 HPs)
             Began as a Gargoyle Fighter on Mar 12, 2023.
             Slain by an orc wizard
             ... wielding a +0 quarterstaff
              (8 damage)
             ... on level 3 of the Dungeon.
             The game lasted 00:03:40 (1935 turns).

bande the Shield-Bearer (Gargoyle Fighter)          Turns: 1935, Time: 00:03:41

Health: -5/29      AC: 10    Str: 19    XL:     4   Next: 84%
Magic:  4/4        EV:  9    Int:  9    God:
Gold:   140        SH:  0    Dex: 11    Spells: 3/3 levels left

rFire   . . .      SeeInvis .    a - +0 war axe (protect)
rCold   . . .      Faith    .    c - +0 buckler
rNeg    + . .      Spirit   .    b - +0 scale mail
rPois   ∞          Reflect  .    (no helmet)
rElec   +          Rampage  .    (no cloak)
rCorr   .                        (no gloves)
Will    .....                    (no boots) Stlth
                                 (no amulet)
HPRegen 0.24/turn                (no ring)
MPRegen 0.09/turn                (no ring)

@: confused
A: sickness immunity, AC +3, negative energy resistance 1, electricity
resistance, torment resistance 1, petrification resistance
a: no special abilities


You were on level 3 of the Dungeon.
You visited 1 branch of the dungeon, and saw 3 of its levels.

You collected 140 gold pieces.

Inventory:

Hand Weapons
 a - a +0 war axe of protection (weapon)
 q - a +0 flail
Armour
 b - a +0 scale mail (worn)
 c - a +0 buckler (worn)
 h - a +0 hat
 m - a +0 helmet
Jewellery
 i - a +6 ring of dexterity
Scrolls
 e - a scroll of enchant armour {unknown}
 f - a scroll of acquirement {unknown}
 l - 3 scrolls of identify
 n - a scroll of silence {unknown}
 o - a scroll of magic mapping
 p - a scroll of fear {unknown}
Potions
 d - a potion of might
 g - 2 potions of haste
 j - a potion of heal wounds {unknown}
 k - a potion of experience {unknown}


   Skills:
 + Level 3.7 Fighting
 + Level 3.3 Axes
 + Level 3.8 Armour
 + Level 3.9 Shields


You had 3 spell levels left.
You didn't know any spells.
Your spell library contained the following spells:

 Spells                   Type           Power      Damage    Failure   Level
 Slow                     Hex            0%         N/A       83%         1
 Confusing Touch          Hex            0%         N/A       99%         3
 Vampiric Draining        Necr           0%         2d6       99%         3
 Simulacrum               Ice/Necr       0%         N/A       100%        6
 Monstrous Menagerie      Summ           0%         N/A       100%        7
 Spellforged Servitor     Conj/Summ      0%         N/A       100%        7


Dungeon Overview and Level Annotations

Branches:
Dungeon (3/15)

Altars:
Sif Muna


Innate Abilities, Weirdness & Mutations

You are immune to sickness and miasma.
Your stone body is resilient. (AC +3)
You are immune to poison.
You resist negative energy. (rN+)
You are resistant to electric shocks. (rElec)
You are resistant to unholy torment.
You are immune to petrification.


Message History

Unknown command.
You're too confused to move!
The orc wizard hits you but does no damage.
The orc wizard points at you and mumbles some strange words.
You are more confused.
Things that are here:
a +0 dagger; 13 gold pieces You miss the orc wizard.
The orc wizard is heavily wounded.
The orc wizard hits you but does no damage.
You're too confused to move!
The orc wizard hits you but does no damage.
You bump into the rock wall.
The orc wizard casts a spell.
The orc wizard flickers and vanishes!
Deactivating autopickup; reactivate with Ctrl-A.
You bump into the rock wall.
Something hits you.
You hear some strange, mumbled words.
Something tries to affect you, but you resist.
You bump into the rock wall.
You hear some strange, mumbled words.
You are more confused.
You bump into the rock wall.
You bump into the rock wall.
Something hits you.
You bump into the rock wall.
You hear some strange, mumbled words.
A puff of flame appears from out of thin air!
The puff of flame hits you.
You bump into the rock wall.
Something hits you.
* * * LOW HITPOINT WARNING * * *
You barely miss something.
You hear some strange, mumbled words.
A puff of flame appears from out of thin air!
The puff of flame hits you.
* * * LOW HITPOINT WARNING * * *
You miss something. Something hits you but does no damage. Something hits you.
* * * LOW HITPOINT WARNING * * *
You bump into the rock wall.
Something hits you but does no damage.
You bump into the rock wall.
Something hits you!
You die...

#....# #....# #.....
# #$...#.# #....#. .
#..... ..# #..###...#
#){@...# #.####.#
#.####.# #.##...
#.##.#
######.#..#########
...............<...#
##.≈≈≈≈≈≈.##.##.#.#.#
#.≈≈≈≈≈≈.#.....#.#


There were no monsters in sight!

Vanquished Creatures
  4 adders (D:2)
  A dart slug (D:1)
  2 orcs (D:3)
  4 endoplasms
  A giant cockroach (D:2)
  5 goblins
  8 hobgoblins
  4 jackals (D:1)
  5 quokkas
  6 ball pythons
  7 bats
  5 frilled lizards
  4 kobolds
  7 rats
63 creatures vanquished.

Vanquished Creatures (others)
  A fungus (D:2)
  5 plants (D:1)
6 creatures vanquished.

Grand Total: 69 creatures vanquished

Notes
Turn   | Place    | Note
-------+----------+-------------------------------------------
     0 | D:1      | bande the Gargoyle Fighter began the quest for the Orb.
     0 | D:1      | Reached XP level 1. HP: 14/14 MP: 1/1
   198 | D:1      | Reached XP level 2. HP: 19/19 MP: 2/2
   473 | D:1      | Reached XP level 3. HP: 23/23 MP: 3/3
  1093 | D:2      | Reached XP level 4. HP: 22/29 MP: 4/4
  1191 | D:2      | Found a faded altar of an unknown god.
  1218 | D:2      | Got Ciskoharr's Folio of the Hiemal Swarm
  1891 | D:3      | Found a shimmering blue altar of Sif Muna.
  1935 | D:3      | Slain by an orc wizard

Illustrated notes

Levels and vault maps discovered:
D:1:      dpeg_arrival_rooms_with_view, layout_basic, serial_bayou,
          serial_bayou_ford_a, serial_bayou_crossing, serial_bayou_shore_a,
          serial_bayou_lagoon_a
D:2:      layout_basic, shapermc_ecumenical_altar_mp_ritualfount,
          minmay_tree_intersection, minmay_three_crescents
D:3:      layout_basic, general_overflow_altar, st_stairs_1,
          minmay_fountain_box, dk_noncrumbling_4, roderic_filled_cross,
          chequers_serial_rivers_large_a

Skill      XL: |  1  2  3  4 |
---------------+-------------+-----
Axes           | 2 3 |  3.3
Fighting       | |  3.7
Armour         | |  3.8
Shields        | |  3.9

Action                     |  1- 3 |  4- 6 || total
---------------------------+-------+-------++-------
  Melee: War axe           |   101 |    73 ||   174
    Use: Scroll            |       |     5 ||     5
 Armour: Scale mail        |    72 |    50 ||   122
  Dodge: Dodged            |    50 |    31 ||    81
  Block: Buckler           |    20 |    25 ||    45

Table legend: (Time is in decaauts)
 A = Elapsed time spent in this place.
 B = Non-inter-level travel time spent in this place.
 C = Inter-level travel time spent in this place.
 D = Time resting spent in this place.
 E = Time spent auto-exploring this place.
 F = Levels seen in this place.
 G = Mean time per level.
                   A        B        C        D        E       F      G
               +--------+--------+--------+--------+--------+-----+--------+
         Total |   2048 |   2012 |     36 |      0 |   1544 |   3 |  682.7 |
       Dungeon |   2048 |   2012 |     36 |      0 |   1544 |   3 |  682.7 |
               +--------+--------+--------+--------+--------+-----+--------+

Top non-repeatable levels by time:
     D:1: 1077 daAuts
     D:2: 918 daAuts
     D:3: 52 daAuts
